 Dungeon Crawl Stone Soup version 0.23-a0-54-gae6112e (webtiles) character file.

24 topirishpotato the Conjurer (level 2, -1/15 HPs)
             Began as a Deep Elf Conjurer on Aug 9, 2018.
             Shot with a sling bullet by a goblin (7 damage)
             ... led by Robin
             ... on level 2 of the Dungeon.
             The game lasted 00:02:03 (1016 turns).

topirishpotato the Conjurer (Deep Elf Conjurer)     Turns: 1016, Time: 00:02:04

Health: -1/15      AC:  4    Str:  5    XL:     2   Next: 79%
Magic:  4/8        EV: 12    Int: 19    God:
Gold:   73         SH:  0    Dex: 15    Spells: 6/7 levels left

rFire    . . .     SeeInvis .   (no weapon)
rCold    . . .     Gourm    .   (no shield)
rNeg     . . .     Faith    .   b - +1 leather armour
rPois    .         Spirit   .   (no helmet)
rElec    .         Reflect  .   (no cloak)
rCorr    .         Harm     .   (no gloves)
MR       .....                  (no boots)
Stlth    ++........             (no amulet)
HPRegen  0.05/turn              (no ring)
MPRegen  0.11/turn              (no ring)

@: no status effects
A: no striking features
a: no special abilities


You were on level 2 of the Dungeon.
You were not hungry.

You visited 1 branch of the dungeon, and saw 2 of its levels.

You collected 73 gold pieces.

Inventory:

Hand Weapons
 d - a +0 quarterstaff
Missiles
 h - 15 stones (quivered)
Armour
 b - a +1 leather armour (worn)
Potions
 a - a potion of berserk rage
 e - a potion of degeneration {unknown}
 f - a potion of heal wounds {unknown}
Comestibles
 c - 4 rations


   Skills:
 * Level 0.4 Armour
 - Level 2.4 Dodging
 - Level 2.4 Stealth
 + Level 3.2 Spellcasting
 * Level 5.1 Conjurations


You had 6 spell levels left.
You knew the following spells:

 Your Spells              Type           Power        Failure   Level  Hunger
a - Magic Dart            Conj           ###.         3%          1    None

Your spell library contained the following spells:

 Spells                   Type           Power        Failure   Level  Hunger
 Iskenderun's Mystic Bla  Conj           ###.....     30%         4    ####...
 Fulminant Prism          Conj/Hex       ##........   65%         4    ####...
 Dazzling Spray           Conj/Hex       ##....       26%         3    ###....
 Force Lance              Conj/Tloc      ##......     65%         4    ####...
 Searing Ray              Conj           ###...       4%          2    ##.....


Dungeon Overview and Level Annotations

Branches:
Dungeon (2/15)

Altars:


Message History

The goblin shoots a sling bullet.
The sling bullet hits you!
Casting: Magic Dart (safe; 3% risk of failure)
Confirm with . or Enter, or press ? or * to list all spells.
Aiming: Magic Dart (safe; 3% risk of failure)
Press: ? - help, Shift-Dir - straight line, f - goblin
Aim: a goblin (hasn't noticed you)
The magic dart hits the goblin.
You kill the goblin!
The goblin shoots a sling bullet.
The sling bullet hits you.
A goblin comes into view. It is wielding a club.
Casting: Magic Dart (safe; 3% risk of failure)
Confirm with . or Enter, or press ? or * to list all spells.
Aiming: Magic Dart (safe; 3% risk of failure)
Press: ? - help, Shift-Dir - straight line, f - goblin
Aim: a goblin, wielding a club (hasn't noticed you)
The magic dart hits the goblin.
The goblin is severely wounded.
The goblin shouts!
The goblin shoots a sling bullet.
The sling bullet hits you!
You die...

#.#.# #.#........
#.#.#######..........#
..#.........#........#
..........##.##......#
..........#.⌠.#......#
..........##†##.....####
.........#..#.....##....
.>......................
................@..)..)g
.........##.......##....
.........######+#..... g
########## ...## ..†'.
...### .... ....#


You could see 2 goblins.

Vanquished Creatures
  A dart slug (D:1)
  A leopard gecko (D:1)
  3 giant cockroaches
  7 goblins
  A hobgoblin (D:1)
  A kobold (D:1)
  A bat (D:1)
  2 frilled lizards (D:1)
  3 rats (D:1)
20 creatures vanquished.

Notes
Turn   | Place    | Note
-------+----------+-------------------------------------------
     0 | D:1      | topirishpotato the Deep Elf Conjurer began the quest for the Orb.
     0 | D:1      | Reached XP level 1. HP: 10/10 MP: 6/6
   300 | D:1      | Reached XP level 2. HP: 15/15 MP: 1/8
   916 | D:2      | Reached skill level 5 in Conjurations
  1016 | D:2      | Shot with a sling bullet by a goblin

Vault maps used:
D:1:      elethiomel_arrival_maze, minmay_lizard_pond
D:2:      grunt_decor_one_mirror, uniq_robin

Skill      XL: |  1  2 |
---------------+-------+-----
Conjurations   | 5 |  5.1
Armour         | |  0.4
Dodging        | |  2.4
Stealth        | |  2.4
Spellcasting   | |  3.2

Action                   || total
-------------------------++-------
 Cast: Magic Dart        ||    34
  Use: Scroll            ||     2
Dodge: Dodged            ||     1

Table legend:
 A = Spawn XP
 B = Non-spawn XP
 C = Spawn XP percentage of total XP
 D = Spawn monster count
 E = Non-spawn monster count
 F = Spawn count percentage of total count
 G = Total turns spent on level
                    A         B        C        D         E        F      G
               +---------+---------+-------+---------+---------+-------+---------
         Total |       0 |      35 |   0.0 |       0 |      20 |   0.0 |  1016
               +---------+---------+-------+---------+---------+-------+---------
           D:1 |       0 |      21 |   0.0 |       0 |      12 |   0.0 |   895
           D:2 |       0 |      14 |   0.0 |       0 |       8 |   0.0 |   121
               +---------+---------+-------+---------+---------+-------+---------
